 Dungeon Crawl Stone Soup version 0.24.0-37-gcf1ca852f1 (webtiles) character file.

Game seed: 3359182317027024392, levelgen mode: deterministic

42 Delamore the Chopper (level 3, -1/31 HPs)
             Began as a Hill Orc Fighter on Nov 22, 2019.
             Slain by a killer bee (2 damage)
             ... on level 2 of the Dungeon.
             The game lasted 00:02:01 (1388 turns).

Delamore the Chopper (Hill Orc Fighter)             Turns: 1388, Time: 00:02:01

Health: -1/31      AC:  6    Str: 19    XL:     3   Next: 56%
Magic:  0/3        EV:  7    Int:  8    God:
Gold:   55         SH:  9    Dex: 10    Spells: 2/2 levels left

rFire    . . .     SeeInvis .   a - +0 war axe
rCold    . . .     Gourm    .   c - +0 shield
rNeg     + . .     Faith    .   b - +0 scale mail
rPois    .         Spirit   +   (no helmet)
rElec    .         Reflect  .   (no cloak)
rCorr    .         Harm     .   (no gloves)
MR       .....                  (no boots)
Stlth    +.........             h - amulet of guardian spirit
HPRegen  0.10/turn              g - ring of positive energy
MPRegen  0.08/turn              j - ring of stealth

@: lethally poisoned (-1 -> -13)
A: no striking features
a: no special abilities


You were on level 2 of the Dungeon.
You were not hungry.

You visited 1 branch of the dungeon, and saw 2 of its levels.

You collected 55 gold pieces.

Inventory:

Hand Weapons
 a - a +0 war axe (weapon)
Armour
 b - a +0 scale mail (worn)
 c - a +0 shield (worn)
Jewellery
 g - a ring of positive energy (left hand)
 h - an amulet of guardian spirit (around neck)
 j - a ring of stealth (right hand)
Scrolls
 e - a scroll of identify {unknown}
 k - a scroll of teleportation {unknown}
 l - a scroll of enchant armour {unknown}
 m - a scroll of fear {unknown}
Potions
 d - 2 potions of might
 i - a potion of haste {unknown}
Comestibles
 f - 3 rations


   Skills:
 - Level 3.6 Fighting
 + Level 5.1 Axes
 - Level 3.2 Armour
 - Level 3.2 Shields


You had 2 spell levels left.
You didn't know any spells.
Your spell library was empty.

Dungeon Overview and Level Annotations

Branches:
Dungeon (2/15)

Altars:


Message History

Unknown command.
The bat hits you. The killer bee stings you.
* * * LOW HITPOINT WARNING * * *
The killer bee completely misses you. You block the killer bee's attack.
Unknown command.
You miss the bat.
The bat is severely wounded.
You hit the killer bee.
Your shield and scale mail prevent you from hitting the killer bee.
You miss the killer bee. You barely miss the killer bee.
You feel sick. You block the bat's attack. You block the killer bee's attack.
The killer bee stings you.
* * * LOW HITPOINT WARNING * * *
You are lethally poisoned!
The killer bee poisons you! You block the killer bee's attack.
The killer bee stings you but does no damage.
The killer bee stings you.
* * * LOW HITPOINT WARNING * * *
The killer bee barely misses you. The killer bee stings you.
You die...

... ... ... #'#
#.# #######.#
..).....#######
####yyy..>..#
#...y@..#.#.#
....##...#.#
#.######..##...
#.....†.b.#
###.#
#########.# #
#.#####.#
#.......#
#.#######
#########.#


You could see 4 killer bees and a bat.

Vanquished Creatures
  An adder (D:2)
  2 dart slugs
  A leopard gecko (D:1)
  4 goblins
  6 hobgoblins
  A quokka (D:2)
  3 bats (D:1)
  A frilled lizard (D:1)
  4 kobolds (D:1)
  3 rats
26 creatures vanquished.

Notes
Turn   | Place    | Note
-------+----------+-------------------------------------------
     0 | D:1      | Delamore the Hill Orc Fighter began the quest for the Orb.
     0 | D:1      | Reached XP level 1. HP: 19/19 MP: 1/1
    18 | D:1      | Reached skill level 3 in Axes
    77 | D:1      | Reached XP level 2. HP: 24/26 MP: 2/2
   251 | D:1      | Reached skill level 4 in Axes
   644 | D:1      | Reached XP level 3. HP: 27/31 MP: 1/3
  1021 | D:2      | Reached skill level 5 in Axes
  1382 | D:2      | Noticed a killer bee
  1382 | D:2      | Noticed a killer bee
  1383 | D:2      | Noticed a killer bee
  1384 | D:2      | Noticed a killer bee
  1388 | D:2      | HP: 1/31 [killer bee (5)]
  1388 | D:2      | Slain by a killer bee

Levels and vault maps discovered:
D:1:      erik_arrival_cave_to_civilisation [erik_arrival_cave_to_hall],
          layout_loops_corners
D:2:      layout_loops_corners, first_ration, nrook_uturn, uniq_robin

Skill      XL: |  1  2  3 |
---------------+----------+-----
Axes           | 3 4 5 |  5.1
Fighting       | |  3.6
Armour         | |  3.2
Shields        | |  3.2

Action                   || total
-------------------------++-------
Melee: War axe           ||   103
  Eat: Chunk             ||     2
Armor: Scale mail        ||    40
Dodge: Dodged            ||    34
Block: Shield            ||    48
